 Dungeon Crawl Stone Soup version 0.23.2-40-g277498a001 (webtiles) character file.

Game seed: 16156891395459604287

245 Frank2 the Chopper (level 5, 0/42 HPs)
             Began as a Demigod Gladiator on Sept 6, 2019.
             Slain by a bullfrog (1 damage)
             ... in a sewer.
             The game lasted 00:04:31 (3352 turns).

Frank2 the Chopper (Demigod Gladiator)              Turns: 3352, Time: 00:04:32

Health: 0/42       AC:  4    Str: 17    XL:     5   Next: 53%
Magic:  7/7        EV: 14    Int: 12    God:
Gold:   118        SH:  0    Dex: 19    Spells: 4/4 levels left

rFire    + . .     SeeInvis .   a - +0 war axe
rCold    + . .     Gourm    .   (no shield)
rNeg     . . .     Faith    .   b - +0 leather armour
rPois    .         Spirit   .   c - +0 helmet
rElec    .         Reflect  .   e - scarf {rC+ rF+}
rCorr    .         Harm     .   (no gloves)
MR       .....                  (no boots)
Stlth    +.........             (no amulet)
HPRegen  0.14/turn              (no ring)
MPRegen  0.10/turn              (no ring)

@: lethally poisoned (0 -> -5)
A: high mp 1
a: no special abilities


You were in a sewer.
You were very hungry.

You visited 1 branch of the dungeon, and saw 3 of its levels.
You also visited: Sewer.

You collected 118 gold pieces.

Inventory:

Hand Weapons
 a - a +0 war axe (weapon)
Missiles
 d - 3 throwing nets (quivered)
Armour
 b - a +0 leather armour (worn)
 c - a +0 helmet (worn)
 e - a scarf of resistance (worn)
Scrolls
 g - 2 scrolls of fog
 i - 2 scrolls of teleportation
 j - a scroll of fear
 l - a scroll of magic mapping {unknown}
 o - 2 scrolls of enchant armour {unknown}
 q - 3 scrolls of remove curse
Potions
 h - a potion of magic
 k - 2 potions of haste
 m - 2 potions of curing
 n - a potion of might {unknown}
 p - 2 potions of brilliance {unknown}
 r - a potion of resistance {unknown}
Comestibles
 f - 2 rations


   Skills:
 + Level 2.6 Fighting
 + Level 4.3 Axes
 - Level 1.7 Throwing
 * Level 2.4 Armour
 + Level 3.5 Dodging


You had 4 spell levels left.
You didn't know any spells.
Your spell library was empty.

Dungeon Overview and Level Annotations

Branches:
Dungeon (3/15)


Innate Abilities, Weirdness & Mutations

You have an increased reservoir of magic. (+10% MP)


Message History

* * * LOW HITPOINT WARNING * * *
The adder barely misses you.
You slash the bullfrog!
The bullfrog is heavily wounded.
You slash the adder!
You kill the adder!
You feel sick.
The bullfrog hits you but does no damage.
The bullfrog completely misses you.
You hit the bullfrog.
The bullfrog is severely wounded.
You feel sick. The bullfrog barely misses you. The bullfrog closely misses you.
The bullfrog misses you.
You hit the bullfrog.
The bullfrog is severely wounded.
Your leather armour prevents you from hitting the bullfrog.
The bullfrog hits you.
* * * LOW HITPOINT WARNING * * *
The bullfrog hits you.
You die...

≈≈≈≈# #≈.≈≈≈≈#
#≈≈≈≈≈≈# ≈≈≈≈#
#≈≈≈≈≈≈# #≈≈≈≈≈≈#
≈≈≈≈# #≈≈≈≈≈≈#
#≈≈≈≈≈≈# ≈≈≈≈#
#≈≈≈≈≈≈# #≈≈≈≈≈≈#
≈≈≈≈# #≈≈≈≈≈≈#
#S≈≈≈S≈# ≈≈≈≈#
#≈≈≈≈≈≈# #####≈≈≈≈≈≈#
≈.≈## ##...≈.#
#..##..≈...# ....#
#....FF###..##......#
...##
##....@.##'##......##
...#
#.......#.........#
..##
##........†......##
### ####...%.....####
####...#### #####


You could see 2 bullfrogs.

Vanquished Creatures
  A worker ant (D:2)
  9 adders
  3 river rats (Sewer)
  An ooze (Sewer)
  A dart slug (D:1)
  8 leopard geckos
  3 orcs (D:2)
  5 giant cockroaches
  9 goblins
  6 hobgoblins
  10 ball pythons
  8 bats
  7 frilled lizards
  7 kobolds
  36 rats
114 creatures vanquished.

Notes
Turn   | Place    | Note
-------+----------+-------------------------------------------
     0 | D:1      | Frank2 the Demigod Gladiator began the quest for the Orb.
     0 | D:1      | Reached XP level 1. HP: 17/17 MP: 3/3
   104 | D:1      | Reached XP level 2. HP: 16/24 MP: 4/4
   119 | D:1      | Reached skill level 3 in Axes
   764 | D:2      | Reached XP level 3. HP: 24/29 MP: 5/5
   768 | D:2      | Reached skill level 1 in Armour
  1692 | D:2      | Found a radiant altar of Vehumet.
  1828 | D:2      | Found a shadowy altar of Dithmenos.
  1834 | D:2      | Reached XP level 4. HP: 36/36 MP: 6/6
  1890 | D:2      | Found a burning altar of Makhleb.
  2124 | D:3      | Found a glowing drain.
  2154 | Sewer    | Entered a sewer
  2249 | Sewer    | Reached skill level 4 in Axes
  2528 | Sewer    | Reached XP level 5. HP: 42/42 MP: 7/7
  3352 | Sewer    | HP: 1/42 [bullfrog (6)]
  3352 | Sewer    | Slain by a bullfrog

Skill      XL: |  1  2  3  4 |
---------------+-------------+-----
Dodging        | 3 |  3.5
Axes           | 3 4 |  4.3
Fighting       | 2 |  2.6
Armour         | 1 2 |  2.4
Throwing       | |  1.7

Action                   |  1- 3 |  4- 6 || total
-------------------------+-------+-------++-------
Melee: War axe           |   134 |   159 ||   293
  Use: Scroll            |     5 |     2 ||     7
       Potion            |       |     6 ||     6
 Stab: Sleeping          |     2 |       ||     2
  Eat: Chunk             |     3 |     4 ||     7
Armor: Leather armour    |    38 |    61 ||    99
       Skin              |       |     7 ||     7
Dodge: Dodged            |   121 |   204 ||   325
